 Dungeon Crawl Stone Soup version 0.23.2 (webtiles) character file.

Game seed: 3929268425095334437

242 Kairos the Chopper (level 6, 48/48 HPs)
             Began as a Formicid Abyssal Knight on Apr 9, 2019.
             Was a Believer of Lugonu.
             Quit the game on level 2 of the Dungeon.
             The game lasted 00:03:36 (1978 turns).

Kairos the Chopper (Formicid Abyssal Knight)        Turns: 1978, Time: 00:03:37

Health: 48/48      AC:  7    Str: 19    XL:     6   Next: 30%
Magic:  7/7        EV: 11    Int: 11    God:    Lugonu [**....]
Gold:   147        SH:  0    Dex: 10    Spells: 5/5 levels left

rFire    . . .     SeeInvis +   a - +2 hand axe
rCold    . . .     Gourm    .   (no shield)
rNeg     . . .     Faith    .   d - +3 leather armour {rPois}
rPois    +         Spirit   .   (helmet unavailable)
rElec    .         Reflect  .   l - +0 cloak
rCorr    .         Harm     .   (no gloves)
MR       .....                  (no boots)
Stlth    +.........             (no amulet)
HPRegen  0.16/turn              (no ring)
MPRegen  0.10/turn              (no ring)

@: no status effects
A: permanent stasis, dig shafts and tunnels, four strong arms, antennae 3
a: Dig, Shaft Self, Depart the Abyss, Bend Space, Renounce Religion


You were on level 2 of the Dungeon.
You worshipped Lugonu.
Lugonu was pleased with you.
You were not hungry.

You visited 1 branch of the dungeon, and saw 2 of its levels.
You visited the Abyss 1 time.

You collected 147 gold pieces.

Inventory:

Hand Weapons
 a - a +2 hand axe (weapon)
Armour
 b - a +0 leather armour
 d - a +3 leather armour of poison resistance (worn)
 l - a +0 cloak (worn)
Scrolls
 e - 2 scrolls of remove curse
 f - a scroll of blinking
 g - 3 scrolls of identify
 i - a scroll of teleportation
 k - 2 scrolls of random uselessness
Potions
 h - a potion of cancellation
 j - a potion of might
Comestibles
 c - 9 rations


   Skills:
 + Level 4.2 Fighting
 + Level 4.8 Axes
 + Level 2.8 Armour
 + Level 1.6 Dodging
 + Level 0.9 Stealth
 + Level 2.5 Invocations


You had 5 spell levels left.
You didn't know any spells.
Your spell library was empty.

Dungeon Overview and Level Annotations

Branches:
Dungeon (2/15)

Altars:


Innate Abilities, Weirdness & Mutations

You cannot be hasted, slowed, berserked, paralysed or teleported.
You can dig through walls and to a lower floor.
Your four strong arms can wield two-handed weapons with a shield.
You have a pair of large antennae on your head. (SInv)


Message History

No target in view!
No target in view!
No target in view!
No target in view!
No target in view!
No target in view!
No target in view!
No target in view!
No target in view!
You see here a leather armour.
There is a stone staircase leading up here.
You open the door.
There is an open door here.
Done exploring.
Done exploring.
Done exploring.
Done exploring.
No target in view!
It was a potion of cancellation.
You feel magically purged.
Are you sure you want to abandon this character and quit the game? (Confirm with "yes".)

....'....#.#.#....#............#
.#.##...##.#.#.#.#.#.#.........#
...##...##.#...#..#..#..########
......####.###.##...##..#########
...##.####.#....##.##............
...........#.##..(..(.###########
....#.###..#.#..)........<.......
....#.# #..#.#(##########.#######
....#.# #..#.#..@.......#.##.....
....#.# #..#.#.########.#.##.####
....#.# #..#.#..........#.##.#
'##.#.# #..#.#.##########.##.#
.#....# #..................#.#
.#########.#.#.#############.#
.............<....[..........#
##########.#.#################
#.#........#


There were no monsters in sight!

Vanquished Creatures
  Sigmund (D:2)
  3 adders (D:2)
  A worm (D:2)
  2 dart slugs
  2 leopard geckos
  8 bats
  3 giant cockroaches
  4 goblins
  9 hobgoblins
  A quokka (D:2)
  2 ball pythons
  5 frilled lizards
  5 kobolds
  5 rats
51 creatures vanquished.

Notes
Turn   | Place    | Note
-------+----------+-------------------------------------------
     0 | Abyss:1  | Kairos the Formicid Abyssal Knight began the quest for the
                  | Orb.
     0 | Abyss:1  | Reached XP level 1. HP: 18/18 MP: 2/2
    20 | Abyss:1  | Noticed a ynoxinul
    56 | Abyss:2  | Noticed a small abomination
    74 | Abyss:3  | Found a corrupted altar of Lugonu.
    87 | Abyss:3  | Noticed a starcursed mass
   140 | Abyss:3  | Noticed a hell knight
   151 | Abyss:3  | Noticed a ynoxinul
   153 | Abyss:3  | Noticed a green death
   154 | D:1      | Escaped the Abyss
   244 | D:1      | Reached * piety under Lugonu
   354 | D:1      | Reached XP level 2. HP: 23/24 MP: 3/3
   538 | D:1      | Reached skill level 1 in Dodging
   776 | D:1      | Reached XP level 3. HP: 29/30 MP: 4/4
  1031 | D:2      | Reached XP level 4. HP: 21/37 MP: 5/5
  1092 | D:2      | Noticed Sigmund
  1111 | D:2      | Killed Sigmund
  1111 | D:2      | Reached XP level 5. HP: 12/42 MP: 6/6
  1111 | D:2      | Reached XP level 6. HP: 14/48 MP: 7/7
  1539 | D:2      | Found a faded altar of an unknown god.
  1575 | D:2      | Reached ** piety under Lugonu
  1978 | D:2      | Quit the game

Skill      XL: |  1  2  3  4 |
---------------+-------------+-----
Dodging        | 1 |  1.6
Axes           | 3 4 |  4.8
Fighting       | 4 |  4.2
Armour         | |  2.8
Stealth        | |  0.9
Invocations    | |  2.5

Action                   |  1- 3 |  4- 6 || total
-------------------------+-------+-------++-------
Melee: Hand axe          |    93 |    60 ||   153
Invok: Depart the Abyss  |     1 |       ||     1
 Abil: Dig               |     1 |       ||     1
  Use: Scroll            |     5 |       ||     5
       Potion            |     2 |     1 ||     3
 Stab: Sleeping          |     1 |       ||     1
  Eat: Ration            |       |     2 ||     2
Armor: Leather armour    |    39 |    17 ||    56
Dodge: Dodged            |    71 |    31 ||   102
